 Dungeon Crawl Stone Soup version 0.32-a0-350-g4f4d228785 (webtiles) character file.

Game seed: 16090033161628794154

120214 jasper the Warrior (level 16, -3/155 HPs)
             Began as a Mountain Dwarf Fighter on Feb 17, 2024.
             Was the Champion of Okawaru.
             Engulfed by a death drake's foul pestilence (9 damage)
             ... on level 3 of the Swamp.
             The game lasted 00:56:47 (30286 turns).

jasper the Warrior (Mountain Dwarf Fighter)        Turns: 30286, Time: 00:56:47

Health: -3/155     AC: 30    Str: 25    XL:     16   Next: 29%
Magic:  25/25      EV:  7    Int: 11    God:    Okawaru [******]
Gold:   1418       SH: 21    Dex:  9    Spells: 15/15 levels left

rFire   . . .        Y - +5 demon whip (elec)
rCold   + + .        s - +0 tower shield {rC+}
rNeg    . . .        Z - +4 storm dragon scales of Okawaru's Wrath {rElec rC+ Regen+ rCorr}
rPois   +            b - +1 helmet {SInv}
rElec   +            D - +1 cloak {rPois}
rCorr   +            h - +0 pair of gloves
SInv    +            S - +0 pair of boots {rampage}
Will    +....        f - amulet of reflection Stlth
                     y - ring of flight
HPRegen 1.25/turn    z - ring of Shadows {Umbra +Inv Stlth+}
MPRegen 0.19/turn

%: reflection, rampage
@: finesse-ful, flying, slowed, wreathed by umbra, studying Armour, very slow
A: runic magic, artefact enchanting
a: Renounce Religion, Evoke Invisibility, Heroism, Finesse, Duel


You were on level 3 of the Swamp.
You worshipped Okawaru.
Okawaru was exalted by your worship.
You visited 4 branches of the dungeon, and saw 25 of its levels.
You also visited: Gauntlet and Ice Cave.

You collected 3411 gold pieces.
You spent 1978 gold pieces at shops.
You donated 15 gold pieces to Zin.

Inventory:

Hand Weapons
 Y - a +5 demon whip of electrocution (weapon)
Missiles
 j - 2 darts of dispersal
 n - 5 atropa-tipped darts
 p - 8 curare-tipped darts
 v - 19 boomerangs (quivered)
 x - 134 stones
 G - 46 poisoned darts
 N - 15 javelins
 U - 25 silver javelins
 X - 3 datura-tipped darts
Armour
 b - a +1 helmet of see invisible (worn)
 h - a +0 pair of gloves (worn)
 s - a +0 tower shield of cold resistance (worn)
 D - a +1 cloak of poison resistance (worn)
 S - a +0 pair of boots of rampaging (worn)
 Z - the +4 storm dragon scales of Okawaru's Wrath (worn) {rElec rC+ Regen+ rCorr}
   (Okawaru gifted it to you on level 2 of the Lair of Beasts)

   rC+:       It protects you from cold.
   rElec:     It insulates you from electricity.
   Regen+:    It increases your rate of health regeneration.
   rCorr:     It protects you from acid and corrosion.
Jewellery
 f - an amulet of reflection (around neck)
 y - a ring of flight (left hand)
 z - the ring of Shadows (right hand) {Umbra +Inv Stlth+}
   (You bought it in a shop on level 2 of the Orcish Mines)

   [ring of stealth]

   Umbra:     It surrounds you with an aura of shadow, increasing your stealth
   and reducing the accuracy of all others within it.
   +Inv:      It lets you turn invisible.
   Stlth+:    It makes you more stealthy.
Wands
 g - a wand of roots (25)
 m - a wand of mindburst (8)
 w - a wand of paralysis (27)
 C - a wand of polymorph (6)
 J - a wand of digging (3)
 O - a wand of acid (17)
 T - a wand of flame (28)
Scrolls
 a - 3 scrolls of blinking
 c - a scroll of revelation
 q - a scroll of silence
 r - 2 scrolls of torment
 B - a scroll of brand weapon
 E - 2 scrolls of immolation
 H - 4 scrolls of fog
 K - 3 scrolls of vulnerability
 L - 10 scrolls of identify
 M - 3 scrolls of fear
 Q - 4 scrolls of poison
 W - 11 scrolls of teleportation
Potions
 d - 3 potions of might
 e - 5 potions of lignification
 i - 7 potions of curing
 k - 6 potions of mutation
 o - 2 potions of magic
 A - 2 potions of haste
 F - 4 potions of attraction
 P - 3 potions of enlightenment
 R - a potion of berserk rage
 V - 3 potions of cancellation
Miscellaneous
 l - a tin of tremorstones (1/2)
 t - a box of beasts
 u - a lightning rod (2/4)


   Skills:
 - Level 17.3 Fighting
 - Level 12.0 Maces & Flails
 + Level 6.4 Throwing
 - Level 17.2 Armour
 - Level 13.1 Shields
 - Level 12.1 Invocations
 + Level 7.3 Evocations


You had 15 spell levels left.
You didn't know any spells.
Your spell library contained the following spells:

 Spells                   Type           Power      Damage    Failure   Level
 Necrotise                Necr           0%         1d4       78%         1
 Ensorcelled Hibernation  Hex/Ice        0%         N/A       89%         2
 Fugue of the Fallen      Necr           0%         N/A       98%         3
 Inner Flame              Hex/Fire       0%         N/A       98%         3
 Ozocubu's Armour         Ice            0%         N/A       98%         3
 Stone Arrow              Conj/Erth      0%         3d7       98%         3
 Vampiric Draining        Necr           0%         2d6       98%         3
 Anguish                  Hex/Necr       0%         N/A       100%        4
 Cause Fear               Hex            0%         N/A       100%        4
 Flame Wave               Conj/Fire      0%         2d4       100%        4
 Manifold Assault         Tloc           0%         N/A       100%        4
 Sticky Flame             Fire/Alch      0%         2d4       100%        4
 Alistair's Intoxication  Alch           0%         N/A       100%        5
 Borgnjor's Vile Clutch   Necr/Erth      0%         N/A       100%        5
 Curse of Agony           Necr           0%         N/A       100%        5
 Fireball                 Conj/Fire      0%         3d3       100%        5
 Metabolic Englaciation   Hex/Ice        0%         N/A       100%        5
 Bombard                  Conj/Erth      0%         9d1       100%        6
 Eringya's Noxious Bog    Alch           0%         4d6       100%        6
 Enfeeble                 Hex            0%         N/A       100%        7
 Ozocubu's Refrigeration  Ice            0%         4d7       100%        7
 Lehudib's Crystal Spear  Conj/Erth      0%         10d2      100%        8
 Animate Armour           Summ/Erth      Unusable   N/A       N/A         4
 Martyr's Knell           Necr/Summ      Unusable   N/A       N/A         4
 Sculpt Simulacrum        Ice/Alch       Unusable   N/A       N/A         6

Dungeon Overview and Level Annotations

Branches:
Dungeon (15/15)            Temple (0/1) D:5            Lair (5/5) D:11
  Swamp (3/4) Lair:2       Spider (0/4) Lair:3        Slime (0/5) Lair:5
    Orc (2/2) D:9             Elf (0/3) Orc:2        Vaults (0/5) D:13
 Depths (0/4) D:15          IceCv (visited)         Gauntlet (visited)

Altars:
Cheibriados
Dithmenos
Elyvilon
Fedhas
Kikubaaqudgha
Makhleb
Okawaru
Qazlal
Uskayaw
Wu Jian
Xom
Zin
The Shining One
Beogh

Shops:
D:8 [   Orc:2 [**!

Annotations:
D:11 2 runed translucent doors, exclusion: orange crystal statue


Innate Abilities, Weirdness & Mutations

Your spellcasting is much less encumbered by armour.
You can use scrolls of enchantment on lesser artefacts.


Message History

You take 11 damage, and have 23/155 hp.
MP restored: 25
Aiming: Thunderbolt
Press: ? - help, Shift-Dir - straight line, f/p - death drake
Aim: a death drake (foul pestilence, severely wounded, catching its breath, umbra)
The thunderbolt hits the death drake!!
The death drake is almost dead.
You are engulfed in dark miasma.
You are poisoned.
You feel yourself slow down.
* * * LOW HITPOINT WARNING * * *
You feel very sick.
You hear a roar!
You block the death drake's attack.
You take 6 damage, and have 17/155 hp.
You feel much better.
You are engulfed in dark miasma.
You are more poisoned.
* * * LOW HITPOINT WARNING * * *
You feel extremely sick. You block the death drake's attack. x2
You regained 4 hp, and now have 21/155 hp.
You feel better.
You are engulfed in dark miasma.
You feel as though you will be slow longer.
* * * LOW HITPOINT WARNING * * *
The death drake breathes miasma at you. The foul vapour engulfs you!
You feel as though you will be slow longer.
* * * LOW HITPOINT WARNING * * *
The death drake bites you but does no damage.
You take 16 damage, and have 5/155 hp.
Blink to where?
Press: ? - help, Dir - move target, p - death drake
As you read the scroll of blinking, it crumbles to dust.
The death drake breathes miasma at you.
The foul vapour engulfs you but does no damage.
Blink to where?
Press: ? - help, Dir - move target
As you read the scroll of blinking, it crumbles to dust.
You are engulfed in dark miasma.
You die...

♣♣♣ ♣♣~♣♣♣ ♣♣~♣♣♣♣.<~.♣♣
♣.~..♣[<~~~~♣
♣.~.~§~.~~~<♣♣ ♣
♣♣.~.~.~~~~~..♣♣
♣♣.♣♣♣.).....~..~.~~♣♣
~~~~.~.~.~.~....~.~~~♣ ♣♣♣
♣###.~.♣♣♣#♣♣####♣#♣~♣
♣♣~♣♣ ♣..†♣♣ ♣$♣@♣.♣~♣
♣.~~♣ ♣.♣.♣.♣♣
♣♣♣♣°♣.♣♣.♣♣♣.<♣
♣.♣♣.♣♣.♣♣♣°°○♣.♣.♣~.♣.~~♣
♣)♣
♣.♣♣♣.♣°♣♣♣☼♣)♣♣...~~.♣ .♣
♣.♣ ♣♣.♣♣♣.♣.♣.♣~..♣~>♣ ♣
#♣♣ ♣♣# ##♣[♣♣#~~.~.>♣
#.§.k°#~♣♣♣♣... ♣.♣♣♣†♣~♣
♣♣~♣. #....~.♣ ♣§♣~♣ ♣. ♣


There were no monsters in sight!

Vanquished Creatures
  Rupert (D:12)
  Jorgrun (D:14)
  A reaper (IceCv)
  An orc warlord (Orc:1)
  A ghoul (Swamp:3)
  3 eleionomae
  2 bunyips
  A minotaur (Gauntlet)
  A green death (Gauntlet)
  Snorg (Lair:5)
  4 vault guards (D:13)
  2 sphinx zombies (D:15)
  An ogre mage (D:15)
  7 hydras
  A ghost crab (Swamp:3)
  Erolcha (Orc:1)
  A catoblepas (D:14)
  4 centaur warriors
  11 two-headed ogres
  4 alligators
  3 boulder beetles
  4 tengu warriors
  A vampire mage (D:15)
  A death yak (D:11)
  An orc high priest (Orc:2)
  A storm dragon skeleton (D:15)
  Sonja (D:13)
  A fire crab (Gauntlet)
  2 skeletal warriors
  A skyshark (Lair:4)
  4 goliath frogs
  A pharaoh ant (Lair:3)
  A deep troll (D:14)
  A spriggan druid (Swamp:3)
  3 swamp dragons
  Pikel (D:7)
  A bog body (Swamp:1)
  5 lindwurms
  5 necromancers
  6 orc knights
  4 orc sorcerers (Orc:2)
  3 cyclopes
  5 elephants (Lair:2)
  2 will-o-the-wisps
  A kobold blastminer (Orc:2)
  2 manticores
  5 black mambas
  2 ice statues (IceCv)
  A torpor snail (D:11)
  10 cane toads
  14 komodo dragons
  Maggie (D:7)
  5 rime drakes
  A tengu conjurer (Gauntlet)
  3 anaconda simulacra (IceCv)
  5 polar bears
  3 tyrant leeches
  A polar bear (shapeshifter) (D:13)
  7 ice devils (IceCv)
  11 trolls
  A tarantella (Lair:3)
  8 hornets
  18 blink frogs
  8 dream sheep (Lair:5)
  7 saltlings (Orc:2)
  A centaur simulacrum (D:15)
  5 slime creatures (D:12)
  2 jumping spiders (Lair:3)
  48 yaks
  3 dire elephant simulacra (IceCv)
  16 spriggans
  2 fire bats (Gauntlet)
  3 wraiths
  5 basilisks
  17 humans (D:13)
  4 wargs
  3 wyverns
  18 vampire mosquitoes
  A steam dragon (D:7)
  2 acid dragons
  2 harpy simulacra (IceCv)
  2 hydra simulacra (IceCv)
  9 swamp worms
  13 water moccasins
  18 orc warriors
  2 laughing skulls (D:13)
  2 swamp drakes
  A black bear (shapeshifter) (D:13)
  5 black bears
  3 ogres
  4 boggarts (Lair:5)
  4 lemures (D:7)
  35 wolves
  10 centaurs
  4 phantoms
  3 kobold brigands
  15 bullfrogs
  A brain worm (shapeshifter) (D:14)
  A gnoll sergeant (D:11)
  6 scorpions
  16 wights
  3 elephant simulacra (IceCv)
  11 killer bees
  A bombardier beetle (D:7)
  A howler monkey (D:13)
  4 hounds (D:6)
  22 orc priests
  Crazy Yiuf (D:5)
  3 gnoll boudas
  12 jellies
  7 iguanas
  Natasha (thrice) (D:3)
  36 orc wizards
  A spriggan simulacrum (IceCv)
  A troll simulacrum (IceCv)
  A boggart simulacrum (D:15)
  11 gnolls
  6 adders
  3 white imps
  6 ufetubi
  4 dart slugs
  75 orcs
  5 ball pythons
  2 bats (D:2)
  8 endoplasms
  4 giant cockroaches
  5 goblins
  4 hobgoblins
  6 jackals (D:1)
  2 quokkas
  5 frilled lizards
  21 kobolds
  7 rats
788 creatures vanquished.

Vanquished Creatures (others)
  A bloated husk (Swamp:2)
  6 foxfires
7 creatures vanquished.

Grand Total: 795 creatures vanquished

Notes
Turn   | Place    | Note
-------+----------+-------------------------------------------
     0 | D:1      | jasper the Mountain Dwarf Fighter began the quest for the
                  | Orb.
     0 | D:1      | Reached XP level 1. HP: 19/19 MP: 1/1
    51 | D:1      | Reached XP level 2. HP: 21/26 MP: 2/2
   315 | D:1      | Reached XP level 3. HP: 31/31 MP: 3/3
   449 | D:1      | Reached skill level 5 in Maces & Flails
   598 | D:2      | Identified the +0 leather armour "Lupn" {+Blink}
   694 | D:2      | Reached XP level 4. HP: 32/38 MP: 4/4
  1572 | D:3      | Found a faded altar of an unknown god.
  1791 | D:3      | Identified the +6 spear "Goblinslayer" {freeze, rN+ Str+4}
  1939 | D:3      | Reached XP level 5. HP: 14/45 MP: 5/5
  2167 | D:3      | Found a faded altar of an unknown god.
  2175 | D:3      | Found a white marble altar of Elyvilon.
  2175 | D:3      | Noticed Natasha
  2187 | D:3      | Prayed at the altar of an unknown god.
  2187 | D:3      | Became a worshipper of Zin the Law-Giver
  2187 | D:3      | Reached * piety under Zin
  2187 | D:3      | Reached ** piety under Zin
  2188 | D:3      | Fell from the grace of Zin
  2337 | D:4      | Found an iron altar of Okawaru.
  2353 | D:4      | Became a worshipper of Warmaster Okawaru
  2853 | D:4      | Noticed a phantom
  2902 | D:4      | Killed a phantom
  2903 | D:4      | Reached XP level 6. HP: 45/51 MP: 6/6
  3016 | D:5      | Entered Level 5 of the Dungeon
  3666 | D:5      | Found a staircase to the Ecumenical Temple.
  3845 | D:5      | Found a runed translucent door.
  3846 | D:5      | Noticed Crazy Yiuf
  4470 | D:6      | Reached XP level 7. HP: 56/57 MP: 7/7
  4597 | D:6      | Reached * piety under Okawaru
  4601 | D:6      | Reached skill level 10 in Maces & Flails
  5080 | D:6      | Reached XP level 8. HP: 45/63 MP: 8/8
  5267 | D:6      | Found an ancient bone altar of Kikubaaqudgha.
  5494 | D:6      | Reached ** piety under Okawaru
  5504 | D:6      | Found a stormy altar of Qazlal.
  5521 | D:6      | Reached skill level 1 in Throwing
  5772 | D:7      | Noticed Maggie
  6283 | D:7      | Killed Maggie
  6283 | D:7      | Reached *** piety under Okawaru
  6400 | D:7      | Reached XP level 9. HP: 71/71 MP: 11/11
  6607 | D:7      | Noticed a +0 dagger
  6607 | D:7      | Noticed a +0 short sword
  6608 | D:7      | Noticed a +0 spear
  6608 | D:7      | Noticed a +0 falchion
  6608 | D:7      | Noticed a +0 spear
  6609 | D:7      | Noticed a +0 falchion
  6610 | D:7      | Noticed a +0 short sword
  6656 | D:7      | Noticed a +0 dagger
  6706 | D:7      | Found a hide-covered altar of Uskayaw.
  6835 | D:7      | Reached skill level 5 in Fighting
  6910 | D:7      | Reached skill level 5 in Armour
  6910 | D:7      | Reached skill level 5 in Shields
  7279 | D:3      | Killed Natasha
  7328 | D:3      | Noticed Natasha
  7336 | D:3      | Killed Natasha
  7544 | D:3      | Noticed Natasha
  7554 | D:3      | Killed Natasha
  7706 | D:5      | Killed Crazy Yiuf
  8247 | D:8      | Noticed Pikel
  8374 | D:7      | Killed Pikel
  8508 | D:8      | Reached **** piety under Okawaru
  8697 | D:8      | Noticed a komodo dragon
  8710 | D:8      | Killed a komodo dragon
  8711 | D:8      | Reached XP level 10. HP: 62/84 MP: 12/12
  9130 | D:8      | Found Zezoa's Armour Shop.
  9135 | D:8      | Bought a +1 helmet of intelligence for 264 gold pieces
  9372 | D:8      | Found a snail-covered altar of Cheibriados.
 10230 | D:9      | Found a staircase to the Orcish Mines.
 10231 | D:9      | Noticed a two-headed ogre
 10251 | D:9      | Killed a two-headed ogre
 10251 | D:9      | Reached ***** piety under Okawaru
 11086 | D:10     | Entered Level 10 of the Dungeon
 11137 | D:10     | Received a gift from Okawaru
 11354 | D:10     | Found a shadowy altar of Dithmenos.
 11569 | D:10     | Found a glowing golden altar of the Shining One.
 11642 | D:10     | Reached skill level 5 in Invocations
 11676 | D:10     | Reached XP level 11. HP: 87/95 MP: 13/15
 12023 | D:10     | Found a burning altar of Makhleb.
 12034 | D:10     | Found a blossoming altar of Fedhas.
 12551 | D:11     | Found a staircase to the Lair.
 12886 | D:11     | Found a large runed translucent door.
 12886 | D:11     | Found a large runed translucent door.
 12887 | D:11     | Found a shimmering altar of Xom.
 12887 | D:11     | Noticed a cyan ugly thing
 12887 | D:11     | Noticed a green ugly thing
 12887 | D:11     | Noticed a cyan ugly thing
 12890 | D:11     | Noticed a cyan ugly thing
 13051 | D:11     | Noticed a two-headed ogre
 13066 | D:11     | Killed a two-headed ogre
 13467 | D:11     | Noticed an orange crystal statue
 13751 | Lair:1   | Entered Level 1 of the Lair of Beasts
 13767 | Lair:1   | Noticed a death yak
 13825 | D:11     | Killed a death yak
 14142 | D:11     | Received a gift from Okawaru
 14143 | D:11     | Reached skill level 10 in Invocations
 16034 | Lair:1   | Received a gift from Okawaru
 16035 | Lair:1   | Reached XP level 12. HP: 74/105 MP: 21/21
 17055 | Lair:1   | Reached skill level 10 in Fighting
 17221 | Lair:2   | Reached skill level 10 in Armour
 17221 | Lair:2   | Reached skill level 10 in Shields
 17315 | Lair:2   | Found a staircase to the Swamp.
 17342 | Lair:2   | Received a gift from Okawaru
 17533 | Lair:2   | Reached ****** piety under Okawaru
 17534 | Lair:2   | Acquired a +2 demon whip of electrocution
 17534 | Lair:2   | Received a gift from Okawaru
 17535 | Lair:2   | Acquired the +0 storm dragon scales of Okawaru's Wrath
                  | {rElec rC+ Regen+ rCorr}
 17535 | Lair:2   | Received a gift from Okawaru
 17556 | Lair:2   | Noticed a boulder beetle
 17593 | Lair:2   | Killed a boulder beetle
 18210 | Lair:2   | Noticed a six-headed hydra
 18222 | Lair:2   | Killed a six-headed hydra
 18968 | Lair:3   | Reached XP level 13. HP: 116/116 MP: 22/22
 18979 | Lair:3   | Found a hole to the Spider Nest.
 19331 | Lair:4   | Received a gift from Okawaru
 20088 | Lair:5   | Entered Level 5 of the Lair of Beasts
 20088 | Lair:5   | Noticed Snorg
 20227 | Lair:5   | Received a gift from Okawaru
 20319 | Lair:5   | Found a gate leading to a gauntlet.
 20375 | Gauntlet | Entered a Gauntlet
 20375 | Gauntlet | Found a transporter.
 20375 | Gauntlet | Found a transporter.
 20375 | Gauntlet | Found a transporter.
 20407 | Gauntlet | Found a transporter.
 20408 | Gauntlet | Found a transporter.
 20411 | Gauntlet | Found a transporter.
 20419 | Gauntlet | Found a transporter.
 20420 | Gauntlet | Found a transporter.
 20422 | Gauntlet | Found a transporter.
 20422 | Gauntlet | Found a transporter.
 20430 | Gauntlet | Found a transporter.
 20430 | Gauntlet | Found a transporter.
 20440 | Gauntlet | Noticed a green death
 20759 | Gauntlet | Killed a green death
 20817 | Gauntlet | Identified the +1 dagger "Dwarf's Regret" {venom, Str+4}
 20817 | Gauntlet | Noticed a minotaur
 20828 | Gauntlet | Killed a minotaur
 20844 | Gauntlet | Got the Exposition on the Scorched Mountains
 20850 | Gauntlet | Identified the +3 ring mail of the Wary Geomancers {+Inv
                  | Will+}
 21035 | Lair:5   | Received a gift from Okawaru
 21127 | Lair:5   | Reached XP level 14. HP: 132/132 MP: 23/23
 21317 | Lair:5   | Received a gift from Okawaru
 21512 | Lair:5   | Killed Snorg
 21851 | Lair:5   | Found a staircase to the Slime Pits.
 22301 | Orc:1    | Entered Level 1 of the Orcish Mines
 22332 | Orc:1    | Noticed Erolcha
 22427 | Orc:1    | Killed Erolcha
 22630 | Orc:1    | Found a roughly hewn altar of Beogh.
 22692 | Orc:1    | Found an ornate altar of the Wu Jian Council.
 22692 | Orc:1    | Found a transporter.
 22782 | Orc:1    | Found a transporter.
 22789 | Orc:1    | Found a transporter.
 22809 | Orc:1    | Found a transporter.
 22810 | Orc:1    | Found an ornate altar of the Wu Jian Council.
 22810 | Orc:1    | Noticed an orc warlord
 22900 | Orc:2    | Entered Level 2 of the Orcish Mines
 22900 | Orc:2    | Found a roughly hewn altar of Beogh.
 23157 | Orc:2    | Received a gift from Okawaru
 23158 | Orc:2    | Reached skill level 15 in Fighting
 23339 | Orc:2    | Reached skill level 15 in Armour
 23438 | Orc:2    | Found a staircase to the Elven Halls.
 23660 | Orc:2    | Found Vosaucki's Assorted Antiques.
 23667 | Orc:2    | Found a roughly hewn altar of Beogh.
 23668 | Orc:2    | Found Asmigy's General Store.
 23674 | Orc:2    | Bought a potion of curing for 87 gold pieces
 23674 | Orc:2    | Bought a potion of heal wounds for 145 gold pieces
 23674 | Orc:2    | Bought a scroll of teleportation for 87 gold pieces
 23674 | Orc:2    | Bought a scroll of blinking for 217 gold pieces
 23674 | Orc:2    | Bought a potion of cancellation for 232 gold pieces
 23686 | Orc:2    | Bought a wand of digging (3) for 226 gold pieces
 23686 | Orc:2    | Bought the ring of Shadows {Umbra +Inv Stlth+} for 720 gold
                  | pieces
 23686 | Orc:2    | Found the ring of Shadows {Umbra +Inv Stlth+}
 23735 | Orc:2    | Received a gift from Okawaru
 23775 | Orc:2    | Found Reagh's Armour Shop.
 23834 | Orc:2    | Found Pilun's Distillery.
 24146 | Orc:1    | Killed an orc warlord
 24878 | D:12     | Noticed Rupert
 24918 | D:12     | Killed Rupert
 24934 | D:12     | Received a gift from Okawaru
 25200 | D:13     | Found a frozen archway.
 25323 | IceCv    | Entered an ice cave
 25705 | IceCv    | Reached XP level 15. HP: 145/145 MP: 24/24
 25896 | IceCv    | Got Sif Muna's Vellum of Frostbite
 26873 | D:13     | Found a gate to the Vaults.
 26990 | D:13     | Received a gift from Okawaru
 27085 | D:13     | Noticed Sonja
 27089 | D:13     | Killed Sonja
 27510 | D:13     | Identified the +6 broad axe "Jidoch Soje" {protect, Int+3
                  | Dex+3}
 27712 | D:14     | Noticed Jorgrun
 27731 | D:14     | Killed Jorgrun
 27771 | D:14     | Received a gift from Okawaru
 28250 | D:15     | Entered Level 15 of the Dungeon
 28281 | D:14     | Reached skill level 1 in Evocations
 28338 | D:15     | Found a staircase to the Depths.
 28559 | D:15     | Identified a scroll of acquirement
 28568 | D:15     | Acquired a manual of Armour
 28609 | D:15     | Acquired 637 gold pieces
 28692 | D:15     | Received a gift from Okawaru
 28894 | Swamp:1  | Entered Level 1 of the Swamp
 29117 | Swamp:1  | Reached skill level 5 in Throwing
 29117 | Swamp:1  | Reached skill level 5 in Evocations
 29221 | Swamp:1  | Reached XP level 16. HP: 152/155 MP: 25/25
 29639 | Swamp:2  | Received a gift from Okawaru
 29871 | Swamp:2  | Identified the +7 whip of Cyafanir {vamp, rN+ SInv}
 30284 | Swamp:3  | HP: 5/155 [death drake/foul vapour (14)]
 30286 | Swamp:3  | Engulfed by a death drake's foul pestilence

Illustrated notes

Levels and vault maps discovered:
D:1:      lordsloth_arrival_two_stooges, layout_basic,
          chequers_serial_rivers_room_a, minmay_hexomino_p4
D:2:      layout_basic
D:3:      layout_loops_ring, nicolae_overflow_ecumenical_swirl,
          dreamdust_ecumenical_altar_hidden_monk_grotto, columned_hall_lemuel,
          uniq_natasha
D:4:      layout_basic, amcnicky_altar_gilded
D:5:      layout_loops_corners, minmay_temple_entry_overgrown,
          hangedman_decor_clover_reticule, uniq_crazy_yiuf_cottage
D:6:      layout_rooms, mainiacjoe_overflow_small_starburst,
          kiku_gazebo_garden_becter, minmay_checkerbox
D:7:      layout_rooms, nicolae_uskayaw_en_pointe, minmay_door_square,
          minmay_tree_intersection, nicolae_concentric_dashed_squares_mild,
          uniq_maggie
D:8:      layout_gridville, lemuel_coloured_pillars_altar, serial_shops, shop,
          minmay_lizard_king, uniq_pikel
D:9:      layout_basic, orc_0_dummy
D:10:     layout_long_grid, nicolae_dithmenos_through_a_glass_darkly,
          tso_metal_star, amethyst_overflow_temple_binary, st_stairs_3,
          hex_large
D:11:     due_chaos_kobolds, layout_gridville, erik_lair_orcish_takeover
D:12:     layout_layer_cave, uniq_rupert
D:13:     layout_stronghold, grunt_vaults_entry_tiered,
          portal_ice_cave_entry_pillars_2, minmay_lindwurm_lava, uniq_sonja
D:14:     dreamdust_cave_troll, layout_cave_pools, minmay_misc_feat_chi,
          uniq_jorgrun
D:15:     gammafunk_depths_entry_grave, layout_rooms
Lair:1:   layout_roguey, grunt_forest_small_clearing_treed,
          serial_bayou_shore_b, grunt_megastairs_2
Lair:2:   layout_regular_city, swamp_mist_pool, beast_lair_carwin_4
Lair:3:   layout_big_grid, nicolae_spider_entry_lesser_pyramids
Lair:4:   layout_misc_corridors, grunt_megastairs_3
Lair:5:   minmay_lair_end_enchanted_forest, layout_hall_layers,
          minmay_slime_entry_jelly_boxes, gauntlet_entry_generic, uniq_snorg
Swamp:1:  layout_basic_swamp, hangedman_swamp_ruin_wall,
          infiniplex_staircase_pool_2
Swamp:2:  layout_falls_marsh, evilmike_swamp_ruin_rubble_2,
          nicolae_swamp_bean_lake
Swamp:3:  nzn_winding_woodlands_medium [nzn_winding_woodlands_5x5_checkerboard,
          nzn_winding_woodlands_5x15_sawtooth, nzn_winding_woodlands_5x5_cross,
          nzn_winding_woodlands_5x5_perimeter,
          nzn_winding_woodlands_center_pierced_h,
          nzn_winding_woodlands_hourglass, nzn_winding_woodlands_5x5_open_star,
          nzn_winding_woodlands_5x15_crooked,
          nzn_winding_woodlands_5x5_closed_star], layout_falls_marsh,
          evilmike_swamp_ruin_house_1, swamp_pool_1_2
Orc:1:    dreamdust_wu_jian_sword_trials, layout_diamond_mine, basic_altar,
          uniq_erolcha
Orc:2:    hellmonk_orc_salted, layout_caves, basic_altar,
          nicolae_orc_hostile_takeover, mines4_lemuel

Skill      XL: |  1  2  3  4  5  6  7  8  9 10 11 12 13 14 15 16 |
---------------+-------------------------------------------------+-----
Maces & Flails | 3 4 5 6 7 9 11 12 | 12.0
Throwing       | 3 5 6 |  6.4
Invocations    | 3 5 12 | 12.1
Fighting       | 4 6 8 9 11 14 16 17 | 17.3
Armour         | 4 6 8 9 11 13 16 17 | 17.2
Shields        | 4 6 8 9 11 12 13 | 13.1
Evocations     | 5 7 |  7.3

Action                     |  1- 3 |  4- 6 |  7- 9 | 10-12 | 13-15 | 16-18 || total
---------------------------+-------+-------+-------+-------+-------+-------++-------
  Melee: Flail             |    73 |       |       |       |       |       ||    73
         Whip              |    19 |   222 |   632 |  1412 |       |       ||  2285
         Spear             |       |    27 |       |       |       |       ||    27
         Demon whip        |       |       |       |   158 |  1758 |   209 ||  2125
  Throw: Stone             |     1 |    31 |    26 |       |       |       ||    58
         Dart              |       |     2 |     7 |    19 |     3 |       ||    31
         Boomerang         |       |       |    18 |   159 |   221 |    23 ||   421
 Invoke: Renounce Religion |       |     1 |       |       |       |       ||     1
         Finesse           |       |       |     1 |     4 |     9 |     1 ||    15
         Heroism           |       |       |     1 |       |       |       ||     1
         Receive Weapon    |       |       |       |     1 |       |       ||     1
         Receive Armour    |       |       |       |     1 |       |       ||     1
  Evoke: Wand              |       |       |     4 |     3 |       |       ||     7
         Lightning rod     |       |       |       |       |       |     2 ||     2
         Tin of tremorston |       |       |       |       |       |     1 ||     1
    Use: Scroll            |     2 |    12 |       |    12 |    12 |     3 ||    41
         Potion            |       |       |     4 |       |       |     2 ||     6
   Stab: Paralysed         |       |       |    10 |     6 |       |       ||    16
 Armour: Scale mail        |    27 |       |       |       |       |       ||    27
         Chain mail        |     9 |    93 |   201 |       |       |       ||   303
         Plate armour      |       |       |    70 |   531 |       |       ||   601
         Skin              |       |       |    22 |       |       |       ||    22
         Storm dragon scal |       |       |       |    57 |   747 |    99 ||   903
  Dodge: Dodged            |    34 |    48 |   113 |   180 |   265 |    16 ||   656
  Block: Buckler           |    27 |    57 |   222 |   360 |   445 |       ||  1111
         Reflection        |     1 |     1 |    12 |     8 |    52 |     5 ||    79
         Tower shield      |       |       |       |       |   400 |   128 ||   528

Table legend: (Time is in decaauts)
 A = Elapsed time spent in this place.
 B = Non-inter-level travel time spent in this place.
 C = Inter-level travel time spent in this place.
 D = Time resting spent in this place.
 E = Time spent auto-exploring this place.
 F = Levels seen in this place.
 G = Mean time per level.
                   A        B        C        D        E       F      G
               +--------+--------+--------+--------+--------+-----+--------+
         Total |  28294 |  26681 |   1613 |   4897 |  14859 |  27 | 1047.9 |
       Dungeon |  17663 |  16591 |   1072 |   3451 |   9208 |  15 | 1177.5 |
          Lair |   6398 |   6097 |    301 |    839 |   3587 |   5 | 1279.6 |
         Swamp |   1302 |   1248 |     54 |    119 |    746 |   3 |  434.0 |
  Orcish Mines |   1794 |   1611 |    183 |    214 |    877 |   2 |  897.0 |
      Ice Cave |    615 |    615 |      0 |    203 |    244 |   1 |  615.0 |
      Gauntlet |    519 |    519 |      0 |     71 |    197 |   1 |  519.0 |
               +--------+--------+--------+--------+--------+-----+--------+

Top non-repeatable levels by time:
  Lair:1: 2353 daAuts
    D:11: 2183 daAuts
     D:5: 1839 daAuts
     D:7: 1731 daAuts
    D:13: 1708 daAuts
     D:9: 1319 daAuts
     D:6: 1257 daAuts
  Lair:2: 1247 daAuts
    D:10: 1239 daAuts
  Lair:5: 1210 daAuts
     D:8: 1203 daAuts
     D:3: 1056 daAuts
  Lair:4: 935 daAuts
   Orc:1: 917 daAuts
     D:2: 904 daAuts
